[ AOE2 MATCH · #507096341 ]
UnrankedBritons vs Koreans
Player's team · LOSS
Rival team · WIN
[ REPLAY ANALYSIS · EXTRACTED FROM THE RECORDED GAME ]
Feudal
8:52
Castle
19:21
Imperial
32:30
| APM avg | 74.1 |
| APM peak | 106 |
| eAPM avg | 25.3 |
| Villagers / military | 116 / 67 |
Focus
⚔️ 29.7% · 🌾 70.3%
Archer ×55 · Trebuchet (Packed) ×4 · Militia ×3 · Mangonel ×3 · Monk ×1 · Spearman ×1
Feudal
9:16
Castle
19:50
Imperial
33:06
| APM avg | 126.3 |
| APM peak | 239 |
| eAPM avg | 53.1 |
| Villagers / military | 138 / 86 |
Focus
⚔️ 70.1% · 🌾 29.9%
Skirmisher ×70 · Fire Lancer ×8 · Monk ×3 · Trebuchet (Packed) ×3 · Spearman ×1 · Bombard Cannon ×1
Match map
Initial resources + every placement click. Lines = walls · curves = elevation contours. ◆ gold · ⬟ stone · ● berries · ✦ relic · ◌ wall gap
Your base· ✓ Closed at 19:21 · 41t walls · no gate
Itz_Zenta's base· Open — opponent sealed themselves in
Smoothed initial terrain · ◌ = detected wall gap · hover for details
Inputs per minute
— OS+ | Sziky - - Itz_Zenta
Build order — OS+ | Sziky
First 150 of 313 actions detected
| 0:00 | Queue | Villager (Male) |
| 0:01 | Build | House |
| 0:02 | Build | House |
| 0:06 | Build | House |
| 0:10 | Queue | Villager (Male) |
| 0:10 | Queue | Villager (Male) |
| 0:10 | Queue | Villager (Male) |
| 1:19 | Queue | Villager (Male) |
| 1:47 | Build | Lumber Camp |
| 1:48 | Queue | Villager (Male) |
| 2:02 | Queue | Villager (Male) |
| 2:29 | Queue | Villager (Male) |
| 2:48 | Queue | Villager (Male) |
| 3:07 | Queue | Villager (Male) |
| 3:36 | Queue | Villager (Male) |
| 3:39 | Build | House |
| 3:40 | Build | House |
| 3:50 | Queue | Villager (Male) |
| 4:49 | Queue | Villager (Male) |
| 5:09 | Queue | Villager (Male) |
| 5:30 | Build | Barracks |
| 5:31 | Queue | Villager (Male) |
| 5:32 | Research | Loom |
| 6:42 | Research | Feudal Age |
| 6:52 | Build | Mill |
| 7:04 | Queue | Militia |
| 7:21 | Queue | Militia |
| 7:44 | Build | House |
| 7:45 | Queue | Militia |
| 7:58 | Build | Mill |
| 8:07 | Queue | Villager (Male) |
| 8:21 | Build | House |
| 8:31 | Queue | Villager (Male) |
| 8:52 | Age | Feudal Age |
| 8:53 | Build | House |
| 9:16 | Research | Man-at-Arms (upgrade) |
| 9:19 | Build | Farm |
| 9:20 | Build | Farm |
| 9:22 | Build | Farm |
| 9:27 | Build | Palisade Wall |
| 9:45 | Build | Farm |
| 9:46 | Queue | Villager (Male) |
| 9:56 | Queue | Villager (Male) |
| 9:58 | Build | House |
| 10:06 | Queue | Villager (Male) |
| 10:26 | Queue | Spearman |
| 10:32 | Build | Palisade Wall |
| 10:36 | Queue | Villager (Male) |
| 10:38 | Build | Palisade Wall |
| 10:42 | Build | Palisade Wall |
| 10:59 | Queue | Villager (Male) |
| 11:18 | Queue | Villager (Male) |
| 11:30 | Queue | Villager (Male) |
| 11:32 | Build | Farm |
| 11:33 | Build | Farm |
| 11:38 | Build | Palisade Wall |
| 11:48 | Build | Farm |
| 11:54 | Queue | Villager (Male) |
| 12:07 | Queue | Villager (Male) |
| 12:16 | Research | Double-Bit Axe |
| 12:31 | Build | Palisade Wall |
| 12:45 | Queue | Villager (Male) |
| 12:47 | Build | Farm |
| 13:04 | Build | Farm |
| 13:05 | Queue | Villager (Male) |
| 13:08 | Build | Farm |
| 13:27 | Queue | Villager (Male) |
| 13:40 | Build | Mining Camp |
| 13:57 | Queue | Villager (Male) |
| 14:19 | Build | Blacksmith |
| 15:07 | Build | Palisade Wall |
| 15:11 | Build | Archery Range |
| 15:26 | Queue | Villager (Male) |
| 15:40 | Queue | Villager (Male) |
| 15:52 | Build | Lumber Camp |
| 15:53 | Queue | Villager (Male) |
| 16:31 | Research | Castle Age |
| 16:42 | Research | Horse Collar |
| 17:06 | Queue | Archer |
| 17:26 | Build | Farm |
| 17:27 | Build | Farm |
| 17:29 | Build | Farm |
| 17:41 | Build | Farm |
| 17:43 | Build | House |
| 17:44 | Build | House |
| 17:51 | Queue | Archer |
| 17:57 | Build | Farm |
| 17:59 | Build | Farm |
| 18:11 | Queue | Archer |
| 18:13 | Research | Gold Mining |
| 18:16 | Build | Farm |
| 18:29 | Queue | Archer |
| 18:32 | Research | Fletching |
| 18:32 | Research | Fletching |
| 18:36 | Queue | Villager (Male) |
| 18:38 | Build | Farm |
| 18:56 | Queue | Archer |
| 19:21 | Age | Castle Age |
| 19:25 | Build | Town Center |
| 19:36 | Build | Town Center |
| 19:41 | Research | Bodkin Arrow |
| 19:45 | Build | Palisade Wall |
| 19:45 | Queue | Villager (Male) |
| 20:04 | Research | Crossbowman (upgrade) |
| 20:04 | Research | Crossbowman (upgrade) |
| 20:05 | Queue | Villager (Male) |
| 20:17 | Build | Siege Workshop |
| 20:23 | Build | Palisade Wall |
| 20:29 | Queue | Villager (Male) |
| 20:32 | Queue | Archer |
| 20:43 | Build | House |
| 20:44 | Build | House |
| 20:48 | Research | Padded Archer Armor |
| 20:49 | Queue | Archer |
| 21:03 | Queue | Villager (Male) |
| 21:03 | Queue | Villager (Male) |
| 21:13 | Queue | Villager (Male) |
| 21:15 | Queue | Mangonel |
| 21:21 | Queue | Villager (Male) |
| 21:32 | Build | Farm |
| 21:39 | Queue | Villager (Male) |
| 21:42 | Queue | Archer |
| 21:46 | Build | House |
| 21:47 | Build | House |
| 21:53 | Queue | Villager (Male) |
| 22:01 | Build | Farm |
| 22:01 | Build | Farm |
| 22:03 | Build | Farm |
| 22:03 | Build | Farm |
| 22:08 | Queue | Villager (Male) |
| 22:13 | Queue | Archer |
| 22:21 | Queue | Villager (Male) |
| 22:27 | Queue | Villager (Male) |
| 22:27 | Queue | Villager (Male) |
| 22:28 | Build | Monastery |
| 22:34 | Queue | Archer |
| 22:37 | Queue | Villager (Male) |
| 22:40 | Build | Farm |
| 22:42 | Build | Farm |
| 22:47 | Build | House |
| 22:59 | Queue | Villager (Male) |
| 22:59 | Queue | Villager (Male) |
| 23:17 | Queue | Villager (Male) |
| 23:36 | Queue | Villager (Male) |
| 23:38 | Queue | Archer |
| 23:38 | Queue | Archer |
| 23:49 | Queue | Villager (Male) |
| 23:50 | Queue | Monk |
| 24:03 | Build | House |
| 24:04 | Build | House |
Build order — Itz_Zenta
First 150 of 387 actions detected
| 0:01 | Queue | Villager (Male) ×4 |
| 0:02 | Build | House |
| 0:02 | Build | House |
| 1:28 | Queue | Villager (Male) |
| 1:28 | Queue | Villager (Male) |
| 1:53 | Build | Lumber Camp |
| 1:59 | Queue | Villager (Male) |
| 2:18 | Queue | Villager (Male) |
| 2:41 | Queue | Villager (Male) |
| 3:15 | Queue | Villager (Male) |
| 3:19 | Queue | Villager (Male) |
| 3:47 | Queue | Villager (Male) |
| 3:54 | Build | House |
| 4:08 | Queue | Villager (Male) |
| 4:17 | Build | House |
| 4:21 | Queue | Villager (Male) |
| 4:31 | Build | Mill |
| 4:54 | Build | Palisade Wall |
| 4:57 | Queue | Villager (Male) |
| 5:26 | Queue | Villager (Male) |
| 6:07 | Queue | Villager (Male) |
| 6:07 | Research | Loom |
| 6:26 | Build | Palisade Wall |
| 7:02 | Research | Feudal Age |
| 7:30 | Build | Barracks |
| 7:35 | Build | Palisade Wall |
| 7:59 | Queue | Villager (Male) |
| 8:21 | Build | Palisade Wall |
| 8:22 | Build | Palisade Wall |
| 8:22 | Build | Palisade Wall |
| 8:28 | Queue | Villager (Male) |
| 8:30 | Build | Palisade Wall |
| 8:32 | Build | Palisade Wall |
| 8:53 | Queue | Villager (Male) |
| 8:55 | Build | Palisade Wall |
| 9:00 | Build | Palisade Wall |
| 9:16 | Age | Feudal Age |
| 9:17 | Build | Archery Range |
| 9:22 | Research | Double-Bit Axe |
| 9:24 | Queue | Spearman |
| 9:28 | Build | Palisade Wall |
| 9:36 | Queue | Villager (Male) |
| 9:43 | Build | Palisade Wall |
| 9:45 | Build | Farm |
| 9:51 | Build | House |
| 10:00 | Queue | Villager (Male) |
| 10:03 | Build | Palisade Wall |
| 10:03 | Build | Palisade Wall |
| 10:04 | Build | Palisade Wall |
| 10:06 | Queue | Villager (Male) |
| 10:09 | Build | Farm |
| 10:14 | Queue | Skirmisher |
| 10:17 | Build | Farm |
| 10:21 | Queue | Villager (Male) |
| 10:34 | Build | Farm |
| 10:40 | Queue | Skirmisher |
| 10:56 | Build | Farm |
| 11:01 | Research | Horse Collar |
| 11:07 | Queue | Skirmisher |
| 11:14 | Build | House |
| 11:30 | Queue | Villager (Male) |
| 11:34 | Build | Farm |
| 11:38 | Queue | Skirmisher |
| 11:47 | Build | Palisade Wall |
| 11:52 | Queue | Villager (Male) |
| 11:53 | Build | Farm |
| 12:03 | Queue | Villager (Male) |
| 12:19 | Build | Farm |
| 12:20 | Queue | Villager (Male) |
| 12:21 | Build | House |
| 12:34 | Build | Farm |
| 12:35 | Build | Farm |
| 12:38 | Build | Farm |
| 12:44 | Queue | Villager (Male) |
| 12:47 | Build | Farm |
| 12:55 | Queue | Skirmisher |
| 13:06 | Build | Farm |
| 13:14 | Queue | Skirmisher |
| 13:18 | Build | House |
| 13:22 | Queue | Villager (Male) |
| 13:43 | Build | House |
| 13:45 | Queue | Villager (Male) |
| 13:51 | Build | Farm |
| 13:54 | Queue | Skirmisher |
| 13:57 | Queue | Villager (Male) |
| 14:15 | Queue | Villager (Male) |
| 14:17 | Build | Farm |
| 14:35 | Build | Mining Camp |
| 14:43 | Queue | Villager (Male) |
| 14:56 | Queue | Villager (Male) |
| 15:09 | Build | Palisade Wall |
| 15:18 | Build | Palisade Wall |
| 15:20 | Build | Palisade Wall |
| 15:21 | Build | Palisade Wall |
| 15:32 | Build | Farm |
| 15:39 | Build | Palisade Wall |
| 15:39 | Build | Palisade Wall |
| 15:46 | Build | Farm |
| 16:05 | Build | Farm |
| 16:10 | Queue | Skirmisher |
| 16:28 | Queue | Villager (Male) |
| 16:29 | Build | Blacksmith |
| 17:10 | Research | Castle Age |
| 17:10 | Research | Castle Age |
| 17:10 | Research | Castle Age |
| 17:10 | Research | Castle Age |
| 17:10 | Research | Castle Age |
| 17:10 | Research | Castle Age |
| 17:26 | Queue | Skirmisher |
| 17:34 | Research | Fletching |
| 17:37 | Queue | Skirmisher |
| 17:43 | Build | Archery Range |
| 17:58 | Queue | Skirmisher |
| 18:05 | Build | House |
| 18:27 | Queue | Skirmisher |
| 18:39 | Queue | Skirmisher |
| 18:51 | Queue | Villager (Male) |
| 19:00 | Queue | Skirmisher |
| 19:50 | Age | Castle Age |
| 19:51 | Build | Town Center |
| 19:52 | Research | Elite Skirmisher (upgrade) |
| 19:53 | Research | Bodkin Arrow |
| 19:53 | Research | Bodkin Arrow |
| 19:55 | Research | Bow Saw |
| 19:56 | Queue | Villager (Male) |
| 20:04 | Build | House |
| 20:05 | Queue | Villager (Male) |
| 20:11 | Queue | Skirmisher |
| 20:28 | Queue | Villager (Male) |
| 20:39 | Queue | Fire Lancer |
| 20:42 | Build | Monastery |
| 20:46 | Queue | Skirmisher |
| 20:57 | Queue | Villager (Male) |
| 21:10 | Queue | Villager (Male) |
| 21:14 | Queue | Villager (Male) |
| 21:18 | Queue | Skirmisher |
| 21:19 | Build | Palisade Wall |
| 21:28 | Queue | Villager (Male) |
| 21:28 | Queue | Villager (Male) |
| 21:29 | Queue | Monk |
| 21:33 | Queue | Villager (Male) |
| 21:42 | Research | Wheelbarrow |
| 21:51 | Queue | Villager (Male) |
| 22:00 | Queue | Villager (Male) |
| 22:08 | Queue | Skirmisher |
| 22:08 | Queue | Skirmisher |
| 22:10 | Queue | Villager (Male) |
| 22:15 | Build | Farm |
| 22:17 | Build | Farm |
| 22:25 | Queue | Skirmisher |
Match timeline
| 4:54 | Itz_Zenta · wall_segment Palisade Wall x12 |
| 5:30 | OS+ | Sziky · first_building Barracks |
| 6:26 | Itz_Zenta · wall_segment Palisade Wall x1 |
| 7:30 | Itz_Zenta · first_building Barracks |
| 7:35 | Itz_Zenta · wall_segment Palisade Wall x5 |
| 8:21 | Itz_Zenta · wall_segment Palisade Wall x1 |
| 8:22 | Itz_Zenta · wall_segment Palisade Wall x1 |
| 8:22 | Itz_Zenta · wall_segment Palisade Wall x1 |
| 8:30 | Itz_Zenta · wall_segment Palisade Wall x1 |
| 8:32 | Itz_Zenta · wall_segment Palisade Wall x1 |
| 8:52 | OS+ | Sziky · age_up feudal |
| 8:55 | Itz_Zenta · wall_segment Palisade Wall x1 |
| 9:00 | Itz_Zenta · wall_segment Palisade Wall x1 |
| 9:16 | Itz_Zenta · age_up feudal |
| 9:17 | Itz_Zenta · first_building Archery Range |
| 9:27 | OS+ | Sziky · wall_segment Palisade Wall x11 |
| 9:28 | Itz_Zenta · wall_segment Palisade Wall x1 |
| 9:43 | Itz_Zenta · wall_segment Palisade Wall x1 |
| 10:03 | Itz_Zenta · wall_segment Palisade Wall x1 |
| 10:03 | Itz_Zenta · wall_segment Palisade Wall x1 |
| 10:04 | Itz_Zenta · wall_segment Palisade Wall x1 |
| 10:32 | OS+ | Sziky · wall_segment Palisade Wall x10 |
| 10:38 | OS+ | Sziky · wall_segment Palisade Wall x1 |
| 10:42 | OS+ | Sziky · wall_segment Palisade Wall x7 |
| 11:38 | OS+ | Sziky · wall_segment Palisade Wall x1 |
| 11:47 | Itz_Zenta · wall_segment Palisade Wall x6 |
| 12:31 | OS+ | Sziky · wall_segment Palisade Wall x10 |
| 15:07 | OS+ | Sziky · wall_segment Palisade Wall x3 |
| 15:09 | Itz_Zenta · wall_segment Palisade Wall x7 |
| 15:11 | OS+ | Sziky · first_building Archery Range |
| 15:18 | Itz_Zenta · wall_segment Palisade Wall x1 |
| 15:20 | Itz_Zenta · wall_segment Palisade Wall x1 |
| 15:21 | Itz_Zenta · wall_segment Palisade Wall x1 |
| 15:39 | Itz_Zenta · wall_segment Palisade Wall x1 |
| 15:39 | Itz_Zenta · wall_segment Palisade Wall x1 |
| 19:21 | OS+ | Sziky · age_up castle |
| 19:45 | OS+ | Sziky · wall_segment Palisade Wall x1 |
| 19:50 | Itz_Zenta · age_up castle |
| 20:17 | OS+ | Sziky · first_building Siege Workshop |
| 20:23 | OS+ | Sziky · wall_segment Palisade Wall x1 |
| 20:42 | Itz_Zenta · first_building Monastery |
| 21:19 | Itz_Zenta · wall_segment Palisade Wall x1 |
| 22:28 | OS+ | Sziky · first_building Monastery |
| 28:09 | Itz_Zenta · wall_segment Stone Wall x4 |
| 30:02 | OS+ | Sziky · first_building Castle |
| 30:47 | Itz_Zenta · first_building Castle |
| 32:30 | OS+ | Sziky · age_up imperial |
| 32:34 | OS+ | Sziky · first_market_sell 100 food |
| 33:06 | Itz_Zenta · age_up imperial |
| 33:09 | Itz_Zenta · first_building Siege Workshop |
| 36:42 | OS+ | Sziky · resign |
[ AI ANALYSIS · 1 CREDIT ]
What really happened in this match?
Wolo.gg analyzes every decision: build order, eco, micro, common mistakes by bracket. Personalized analysis on WhatsApp or Discord in 30 seconds.
Civ guide
Britons
Perfil
Jugador #14725904